cohdb
Replays
Latest Replays
All Replays
Popular Replays
Top Player Replays
Match Explorer
How It Works
Community
CoH3 Stats
Reddit
Sign in to upload your games and track your stats! →
Sign in with Steam
Match 39509567
Unlisted
Match 39509567
Overview
Messages
Build Orders
End
Construct Barracks
Selects Heavy Weapons
Riflemen Squad
Riflemen Squad
Riflemen Squad
Grenade Package
Riflemen Squad
Infantry Support Center
Construct Weapon Support Center
Selects Assault Carriers
Selects Halftrack Strongpoints
M1918 Browning Automatic Rifles
M3 Assault Carrier
Construct Tank Depot
A2O
[EPIC]SAGEKING
AitorEdy
Quack
Nuclear Viking
Toasty McToastFace
Thunderhill
Getmeout
0
0
Comments
sign in to comment!
No comments posted yet!